[Event "Reykjavik Open 2024"]
[Site "Reykjavik"]
[Date "2024.03.18"]
[Round "6.35"]
[White "Cherukuri, Nitesh"]
[Black "Cornette, Matthieu"]
[Result "0-1"]
[ECO "C54"]
[WhiteElo "2000"]
[BlackElo "2575"]
[Annotator "TA"]
[PlyCount "58"]
[EventDate "2024.03.12"]
[EventCountry "ISL"]
[SourceTitle "playchess.com"]
[Source "ChessBase"]
[SourceQuality "1"]
[TimeControl "40/5400+30:1800+30"]

1. e4 e5 2. Nf3 Nc6 3. Bc4 Nf6 4. d3 Bc5 5. c3 d6 6. O-O a6 7. a4 Ba7 8. Nbd2 O-O 9. h3 Ne7 10. Re1 Ng6 11. Nf1 c6 12. Ng3 d5 {[%emt 0:03:00] Die Stellung ist ausgeglichen.} 13. Ba2 Be6 14. Qc2 Qc7 15. Nf5 (15. Bg5 $11) 15... Rfe8 (15... Qd7 $5 16. Ng3 Bxh3 17. exd5 Nh5 18. dxc6 (18. Nxh5 $2 {geht unter.} Qg4 $19) (18. Nxe5 $2 {zu gefräßig.} Nxe5 19. Rxe5 Nxg3 $19) 18... bxc6 $11 (18... Qg4 19. d4 $11)) 16. g4 (16. N3h4 $11) 16... Nd7 (16... h5 $19 17. Nh2 Nf4 18. Bxf4 exf4) 17. h4 {[%emt 0:08:02] [#]} (17. Kh1 $15) 17... h5 $1 18. gxh5 Bxf5 19. hxg6 (19. exf5 e4 20. Kf1 exf3 $19) 19... Bxg6 20. Kg2 (20. Ng5 $17) 20... Nc5 ({Günstiger ist} 20... Nf6 $19 {Weiss muss nun ...Qd7 beachten.} 21. Ng5 Rad8) 21. Bg5 (21. Ng5 $17 {kämpft weiter.}) 21... Qd7 $19 22. Kg3 (22. Nh2 {ist der einzige Weg für Weiss..}) 22... Bh5 23. Nh2 Ne6 {[%emt 0:07:02][%cal Oe6f4] Und ...Nf4! würde nun gewinnen.} 24. Rg1 $2 {[%emt 0:05:36] [#]} (24. f3) 24... Nf4 $1 {[%emt 0:03:13][%mdl 512] Schwarz steht klar auf Gewinn.} 25. Bxf4 exf4+ 26. Kg2 {[%emt 0:00:12] [#]} f3+ $1 27. Kh1 Bb8 28. e5 Bxe5 {[%emt 0:02:02] ( -> ...Qh3)} 29. d4 Bxh2 {[%emt 0:02:27] Schwarz nahm nach der Eröffnung die Zügel in die Hand.   Gewichteter Fehlerwert: Weiß=0.86/Schwarz=0.22 (präzise) .  Fehler:       	Weiß=7     	Schwarz=2     Ungenau:       	Weiß=1     	Schwarz=2     OK:         	Weiß=1     	Schwarz=7     Bester:       	Weiß=3     	---} 0-1

[Event "Reykjavik Open 2024"]
[Site "Reykjavik"]
[Date "2024.03.18"]
[Round "6.36"]
[White "Solsker, Tummas M."]
[Black "Gokerkan, Cem Kaan"]
[Result "0-1"]
[ECO "D02"]
[WhiteElo "1897"]
[BlackElo "2523"]
[Annotator "TA"]
[PlyCount "86"]
[EventDate "2024.03.12"]
[EventCountry "ISL"]
[SourceTitle "playchess.com"]
[Source "ChessBase"]
[SourceQuality "1"]
[TimeControl "40/5400+30:1800+30"]

1. d4 Nf6 2. Nf3 d5 3. Bf4 c5 4. e3 Nc6 5. c3 Qb6 6. Qb3 c4 7. Qxb6 axb6 8. Be2 h6 9. O-O b5 10. Na3 {[%emt 0:05:24] The position is equal.} g5 (10... Na7 $1 $15) 11. Be5 b4 (11... Nxe5 $11 12. dxe5 Ne4) 12. Nb5 Ra5 13. a4 (13. Nc7+ $16 Kd8 14. cxb4 Nxb4 15. e4 Nxe4 (15... Rxa2 $2 16. Rxa2 Nxa2 17. Nxd5 $18) (15... dxe4 16. Nd2 $14) 16. a3 (16. Bxh8 Kxc7 17. Ne5 Be6 $11) (16. Nxd5 Nxd5 17. Bxh8 Nf4 $11)) 13... bxa3 $11 14. Nxa3 Bf5 {[%emt 0:00:08] [#]} 15. Nxc4 dxc4 16. Bxc4 (16. Bxf6 exf6 17. Bxc4 Bd6 18. Rxa5 Nxa5 $17) (16. Rxa5 $1 $11 {keeps the balance.} Nxa5 17. Ra1) 16... Bg7 $17 17. Rxa5 Nxa5 18. Bb5+ Bd7 19. Ra1 ({White should play} 19. Bd3 $15 Nb3 20. Bc2) 19... Bxb5 20. Rxa5 Be2 21. Rc5 (21. Nd2 $17) 21... O-O $19 22. Rc7 Ng4 23. h3 {[%emt 0:06:37] Bxg7 would now be deadly.} Nxe5 24. Nxe5 Bxe5 25. dxe5 {[%emt 0:00:01][%mdl 4096] Endgame. [#] KRB-KR} e6 $1 26. Rxb7 Rd8 27. Rb4 Rd5 28. f4 (28. f3 $17) 28... Rd2 29. c4 Rc2 30. b3 Bd3 31. g4 Re2 32. c5 Rxe3 33. c6 $2 (33. fxg5 hxg5 (33... Rxh3 34. c6 $11) (33... Rxe5 $2 34. Rd4 $19) 34. Rd4) 33... Re1+ (33... Rxh3 34. Ra4 $18) 34. Kf2 Rc1 (34... Re2+ $142 35. Kg1 Rc2) 35. Rd4 $2 (35. Ke3 {was called for.} Bf1 36. fxg5 Rxc6 (36... hxg5 $2 37. Kf2 $19) 37. gxh6 Rc3+ (37... Bxh3 38. Kf4 $17) 38. Kd4 Rd3+ (38... Rxh3 $2 39. Rb8+ Kh7 40. Rf8 $19) 39. Kc4) 35... Bb5 36. h4 (36. fxg5 $142 hxg5 (36... Bxc6 $2 37. gxh6 Rc3 38. h4 $19) 37. Rd8+ Kg7 38. Rb8 Bxc6 39. Rc8) 36... gxf4 37. Rxf4 Rxc6 38. b4 Rc3 39. Rd4 Kg7 40. Rf4 Rd3 41. Re4 Bc6 42. Rf4 Bb7 43. Rc4 Rd5 {[%emt 0:00:00] Weighted Error Value: White=0.40/Black=0.22 (precise) .  Mistake:       	White=9     	Black=3      OK:         	White=9     	Black=10     Best:        	White=2     	Black=4} 0-1

[Event "Reykjavik Open 2024"]
[Site "Reykjavik"]
[Date "2024.03.18"]
[Round "6.37"]
[White "Brand, Niels"]
[Black "Mammadzada, Gunay"]
[Result "0-1"]
[ECO "D03"]
[WhiteElo "1891"]
[BlackElo "2449"]
[Annotator "TA"]
[PlyCount "80"]
[EventDate "2024.03.12"]
[EventCountry "ISL"]
[SourceTitle "playchess.com"]
[Source "ChessBase"]
[SourceQuality "1"]
[TimeControl "40/5400+30:1800+30"]

1. d4 d5 2. Nf3 Nf6 3. Bg5 Ne4 4. Bf4 c5 5. Nbd2 e6 6. e3 Nc6 7. Bd3 Nxd2 8. Qxd2 {[%emt 0:01:55] The position is equal.} Be7 9. c3 O-O 10. h4 f5 11. Qe2 Bd6 12. Bxd6 Qxd6 13. h5 h6 14. Nh4 e5 15. Ng6 {[%emt 0:00:33] Dodges cxd4} e4 16. Bb5 Rf6 17. dxc5 Qxc5 18. O-O-O {[%emt 0:00:18][%cal Od1d5] [#] Strongly threatening Rxd5!} Be6 19. Kb1 Bf7 20. Nf4 {[%emt 0:00:22][%cal Of4d5] And now Nxd5! would win.} Ne5 21. Rd2 (21. Ba4 $11) 21... Rb6 $17 22. Ba4 Nc4 {[%emt 0:09:52] Black is more active.} ({Resist} 22... Qxc3 23. Rc2 (23. Nxd5 Qa5 $11) 23... Qa5 24. Bb3) 23. Bb3 Nxd2+ 24. Qxd2 Rd8 25. Rd1 Rbd6 26. Qe2 Qc8 27. Qb5 a6 28. Qb4 ({White must play} 28. Qe2) 28... b6 29. Qd4 Qd7 30. Rh1 Qe7 31. Rh3 Qf6 32. Qd1 b5 33. Qe2 $2 {[%emt 0:00:31][%mdl 8192] Now White is beyond hope.} (33. Ne2 $17) 33... b4 $19 34. cxb4 (34. Qd2 $142) 34... d4 {[%emt 0:00:06] [#] Threatens to win with ...Bxb3. Black is clearly winning.} 35. exd4 Rxd4 {[%emt 0:01:31][%cal Od4d2] ...Rd2! would now be deadly.} 36. Bxf7+ Qxf7 37. Rc3 Rd2 38. Qe3 Rd1+ 39. Rc1 Qc4 {[%emt 0:01:34][%cal Od8c8] ( -> ...Rc8!)} 40. Qc3 Qf1 {[%emt 0:00:47] Weighted Error Value: White=0.55/Black=0.10 (very precise) .  Loses game:     	White=1     	---        Mistake:       	White=3     	---        Inaccurate:     	White=3     	Black=2      OK:         	White=6     	Black=11     Best:        	---       	Black=1} 0-1

[Event "Reykjavik Open 2024"]
[Site "Reykjavik"]
[Date "2024.03.18"]
[Round "6.38"]
[White "Garifullina, Leya"]
[Black "Botez, Alexandra"]
[Result "1-0"]
[ECO "C12"]
[WhiteElo "2413"]
[BlackElo "1986"]
[Annotator "TA"]
[PlyCount "71"]
[EventDate "2024.03.12"]
[EventCountry "ISL"]
[SourceTitle "playchess.com"]
[Source "ChessBase"]
[SourceQuality "1"]
[TimeControl "40/5400+30:1800+30"]

1. e4 e6 2. d4 d5 3. Nc3 Nf6 4. Bg5 Bb4 5. e5 h6 6. Bc1 Ne4 7. Qg4 Kf8 {[%emt 0:01:02][%cal Oc7c5] aiming for ...c5!} (7... Bxc3+ 8. bxc3 Kf8 9. Ne2 $16) (7... Nxc3 $6 8. Qxg7 Nxa2+ 9. c3 Nxc1 10. cxb4 $16 (10. Qxh8+ Kd7 $18)) 8. Nge2 c5 9. a3 {[%emt 0:00:55] The position is equal.} Ba5 10. dxc5 Nxc3 11. Nxc3 Bxc3+ 12. bxc3 Nd7 {[%emt 0:00:25] Black is weak on the dark squares} 13. f4 (13. Qd4 $14) 13... Qa5 14. Bd2 Qa4 {[%emt 0:03:20] [#]} ({Black should try} 14... Qc7 $11) 15. c4 $1 $40 {[%emt 0:07:36][%mdl 128] Black needs to defend precisely.} Qxc2 (15... Nxc5 16. Bb4) 16. cxd5 (16. Rd1 $16) 16... Qe4+ {[%emt 0:00:24] [#]} (16... Nxc5 $11 {keeps the balance.} 17. Qe2 Qb2 (17... exd5 $2 18. Rc1 $18)) 17. Qe2 $1 $16 Qxd5 18. Be3 Qc6 19. Qf2 (19. Rd1 $16) 19... b6 $1 $14 20. Be2 Nxc5 {[%emt 0:04:01] Threatens to win with ...Ne4.} (20... Bb7 21. Bf3 Qc7 22. c6 Bxc6 23. Rc1 $18) 21. Rc1 Bb7 22. O-O {[%emt 0:00:59][%cal Of4f5] Black must now prevent f5!} Rc8 (22... g6 $1 $11) 23. f5 $16 exf5 24. Bf3 {[%emt 0:00:06] This pair of bishops is nice.} Qc7 25. Bxb7 Qxb7 26. Qxf5 Re8 $2 {[%emt 0:06:13][%mdl 8192] This move loses the game for Black.} (26... Kg8 $16 {is a better chance.}) 27. Bxc5+ $18 bxc5 28. Rcd1 {[%emt 0:00:46] Against Qd5} (28. Rxc5 Kg8 $14) (28. e6 $142 f6 (28... Rxe6 $2 29. Qxe6 Kg8 30. Qf5 $18) 29. Rfe1 (29. Rxc5 Kg8 $18) (29. Qxc5+ Qe7 $14)) 28... g6 $2 (28... Kg8 29. Rd7 Qb3 30. Qxf7+ Qxf7 31. Rfxf7 Rh7 32. Rxa7 h5) 29. Qxg6 {[%emt 0:01:31] White threatens e6 and mate.} Rg8 30. Qxh6+ Rg7 31. Qh8+ Rg8 {[%emt 0:00:07] [#]} 32. Qh3 $1 (32. Qh6+ Rg7 33. Qh8+ Rg8 $18) 32... c4 33. Rd6 {[%emt 0:03:42] White wants to mate with Qh6+.} (33. Qh6+ Rg7 34. Qh8+ (34. Rf2 Kg8 $16) 34... Rg8 $18) 33... Rxe5 34. Rd8+ {[%emt 0:00:07] White mates.} Re8 35. Qh6+ Rg7 36. Qh8+ {[%emt 0:00:07] Weighted Error Value: White=0.26 (precise) /Black=0.72.  Loses game:     	---       	Black=1      Mistake:       	White=4     	Black=4      Inaccurate:     	---       	Black=4      OK:         	White=9     	Black=3      Best:        	White=2     	Black=3      Strong:       	---       	Black=1} 1-0

[Event "Reykjavik Open 2024"]
[Site "Reykjavik"]
[Date "2024.03.18"]
[Round "6.39"]
[White "Botez, Andrea"]
[Black "Bisby, Daniel L"]
[Result "1/2-1/2"]
[ECO "D00"]
[WhiteElo "1825"]
[BlackElo "2273"]
[Annotator "TA"]
[PlyCount "138"]
[EventDate "2024.03.12"]
[EventCountry "ISL"]
[SourceTitle "playchess.com"]
[Source "ChessBase"]
[SourceQuality "1"]
[TimeControl "40/5400+30:1800+30"]

1. d4 Nf6 2. Nc3 d5 3. Bf4 g6 4. e3 Bg7 5. h4 O-O {[%emt 0:08:54][%cal Oc7c5] [#]} 6. h5 $1 c5 7. hxg6 hxg6 8. dxc5 (8. Qd2 $14) 8... Nc6 9. Nf3 Qa5 10. Qd2 Qxc5 11. Na4 Qb4 12. Qxb4 Nxb4 13. Bd3 Bf5 14. Bxf5 gxf5 15. Nd4 Rfc8 16. Nxf5 Nxc2+ 17. Ke2 $132 {[%emt 0:00:07][%mdl 2048] White puts up resistance} Nxa1 18. Nxe7+ Kf8 19. Nxc8 Rxc8 20. Rxa1 Ne4 21. Nc3 Bxc3 22. bxc3 (22. Rc1 $5) 22... Rxc3 $11 {[%emt 0:00:30][%mdl 4096] Endgame. KRB-KRN} 23. Rb1 Rc2+ 24. Kd1 Rxa2 25. Bh6+ Ke8 26. Rxb7 Nxf2+ 27. Ke1 Ne4 28. Kf1 (28. Kd1 $142) 28... a5 29. Ra7 a4 (29... Ra1+ $142 30. Ke2 Ra2+ 31. Kf3 a4) 30. Bg7 (30. Kg1 $142) 30... f6 $1 $17 31. Ra8+ (31. Kg1 $17) 31... Kf7 32. Ra7+ Ke6 33. g4 Rf2+ ({Better is} 33... Kd6 {aiming for ...Kc5.} 34. Ra5 Nd2+ 35. Ke1 Nc4 36. Ra6+ Kc5 37. Rxf6 Nxe3) 34. Kg1 Rf3 35. Rxa4 (35. Bf8 $17 {is a better defense.} Rg3+ (35... Rxe3 $2 {is the wrong capture.} 36. Re7+ Kd6 37. Rxe4+ Kc6 38. Rxe3 $18) 36. Kh2 Rxg4 37. Rxa4) 35... Rxe3 $19 {[%emt 0:00:15] Hoping for ...Rg3+.} 36. Ra6+ $2 (36. Kh2 {was called for.}) 36... Kf7 37. Bh6 Rg3+ 38. Kf1 Rxg4 {[%emt 0:00:31] ...d4 is the strong threat.} ({Weaker is} 38... Kg6 39. Bc1 $15) 39. Ke2 Kg6 40. Be3 Ng3+ 41. Kd3 Nf5 $1 {[%emt 0:30:47] Dodges Bd4} 42. Bf2 {[%emt 0:00:00] Prevents Rg3+.} Kf7 ({Black should try} 42... Rf4 43. Ba7 Rf3+ 44. Kd2 Rb3) 43. Bc5 (43. Ra7+ $142 Ke6 44. Ra6+ Ke5 45. Bb6) 43... Rg3+ $17 44. Kd2 Rh3 45. Rb6 Ng3 {[%emt 0:00:00] White must now prevent ...Ne4+.} 46. Bd4 Ne4+ 47. Ke2 Ra3 48. Rc6 (48. Rb7+ $142 Ke6 49. Rb6+ Ke7 50. Rb7+ Kd6 51. Rb6+ Kc7 52. Re6) 48... Kg6 49. Rb6 Ra5 {[%emt 0:00:00] Dodges Rb5} 50. Kd3 Kf5 51. Ke2 Ra2+ 52. Ke3 Ra3+ 53. Ke2 Ra8 54. Kd3 Rd8 55. Be3 Rd6 56. Rb1 Ke6 57. Bd4 Ra6 58. Ke3 {[%emt 0:00:49] [#]} Nd6 $1 {[%emt 0:01:35] Strongly threatening ...Nf5+.} 59. Bc5 (59. Re1 $142) 59... Rc6 60. Ba7 Rc7 61. Ra1 Nf5+ 62. Kd3 Rb7 {[%emt 0:00:43] Repels Bb6} 63. Ra6+ Ke5 64. Ra3 (64. Bb6 $17) 64... Nd6 (64... Rb4 $19 65. Kc3 Rc4+ 66. Kd2 Nd4 67. Re3+ Kf4 68. Bb8+ Kf5) 65. Bd4+ Ke6 66. Ra6 {[%emt 0:00:26] [#]} f5 ({Black should play} 66... Rd7 $1 $17 67. Bb2 Kf5) 67. Bc5 $11 {[%emt 0:00:27] The position is equal.} Rd7 68. Ke3 Rd8 69. Kf4 Rd7 {[%emt 0:00:48] Weighted Error Value: White=0.20 (precise) /Black=0.11 (very precise) .  Mistake:       	White=10    	Black=5      Inaccurate:     	White=5     	Black=5      OK:         	White=22    	Black=25     Best:        	White=6     	Black=4      Strong:       	---       	Black=1} 1/2-1/2

[Event "Reykjavik Open 2024"]
[Site "Reykjavik"]
[Date "2024.03.18"]
[Round "6.40"]
[White "Kistrup, Nicolai"]
[Black "Saine, Zachary"]
[Result "1-0"]
[ECO "D30"]
[WhiteElo "2324"]
[BlackElo "2010"]
[Annotator "TA"]
[PlyCount "45"]
[EventDate "2024.03.12"]
[EventCountry "ISL"]
[SourceTitle "playchess.com"]
[Source "ChessBase"]
[SourceQuality "1"]
[TimeControl "40/5400+30:1800+30"]

1. d4 d5 2. c4 e6 3. Nf3 c6 4. g3 dxc4 5. Bg2 b5 6. Ne5 Bb7 7. a4 {[%emt 0:00:30] axb5 is the strong threat.} a6 8. O-O {[%emt 0:00:34] The position is equal.} Nf6 9. b3 cxb3 10. Qxb3 Qc8 (10... Qxd4 $11 11. Bb2 Qb4) 11. axb5 (11. Ba3 $14) 11... axb5 (11... cxb5 $11 {remains equal.} 12. Qc3 Qxc3 13. Nxc3 Nd5) 12. Rxa8 $16 Bxa8 13. Qa2 {[%emt 0:00:15] White has more active pieces.} ({Better is} 13. Nd3 $14) 13... Bb7 14. Qa7 Be7 15. Nd2 (15. Nc3 $5) 15... Nfd7 16. Ba3 Na6 $2 {[%emt 0:29:49][%mdl 8192] Loses the game.} (16... Bxa3 $11 17. Nxd7 Bb4) 17. Bxe7 $18 {[%emt 0:05:12] White is clearly winning.} Kxe7 {[%emt 0:00:04] [#]} 18. Bxc6 $1 Bxc6 (18... Nac5 19. Bxb7) 19. Rc1 Nab8 {[%emt 0:11:22] [#]} 20. Qa3+ $1 ({Not} 20. d5 exd5 21. Ndf3 f6 22. Qa3+ Ke8 23. Nxc6 Nxc6 $16) 20... Kf6 {[%emt 0:00:46] [#]} (20... Ke8 $142) 21. Rxc6 $1 Qxc6 22. Nxc6 Nxc6 23. Qf3+ {[%emt 0:00:32] Weighted Error Value: White=0.11 (very precise) /Black=0.56.  Loses game:     	---       	Black=1      Mistake:       	White=2     	Black=3      Inaccurate:     	White=1     	---        OK:         	White=4     	Black=6      Best:        	White=3     	---        Strong:       	White=1     	---        Brilliant:      	White=2     	---} 1-0

[Event "Reykjavik Open 2024"]
[Site "Reykjavik"]
[Date "2024.03.18"]
[Round "6.41"]
[White "Chasin, Nico"]
[Black "Dietzsch, Herbert"]
[Result "1-0"]
[ECO "B30"]
[WhiteElo "2447"]
[BlackElo "1998"]
[Annotator "TA"]
[PlyCount "59"]
[EventDate "2024.03.12"]
[EventCountry "ISL"]
[SourceTitle "playchess.com"]
[Source "ChessBase"]
[SourceQuality "1"]
[TimeControl "40/5400+30:1800+30"]

1. e4 c5 2. Nf3 Nc6 3. Bb5 Qb6 4. Ba4 e6 5. O-O d6 6. d4 cxd4 7. Qxd4 Qxd4 8. Nxd4 {[%emt 0:00:08][%cal Od4b5] White is slightly better.} Bd7 9. Nb5 Rc8 {[%emt 0:01:55] Dodges Nc7+} 10. Rd1 {[%emt 0:01:37][%cal Ob1c3] White is more active.} Nb4 $1 {[%emt 0:16:37] ...a6 is the strong threat.} 11. N1c3 (11. Nxa7 $2 Ra8 12. Bb3 (12. Bxd7+ $2 Kxd7 13. c3 Nc2 $19) 12... Rxa7 $19) 11... a6 12. Nxd6+ Bxd6 13. Bxd7+ (13. Rxd6 {simplifies} Bxa4 14. Nxa4 Nxc2 15. Rb1) 13... Kxd7 14. e5 {[%emt 0:00:31] Threatens to win with Ne4.} Nxc2 15. Rb1 Rc4 {[%emt 0:22:04] Inhibits Ne4.} 16. Rxd6+ $16 Kc7 17. Bg5 {[%emt 0:00:51] Repels Ne7} f6 18. Rc1 ({White should play} 18. Bd2) 18... Nd4 $2 {[%emt 0:02:21][%mdl 8192] [#] Black cannot hold the game after this.} (18... fxg5 $16 {might work better.} 19. Rxe6 (19. Rxc2 Nh6 $18) 19... Kd7 (19... Nb4 $2 20. Nd5+ Nxd5 21. Rxc4+ Kd8 22. Rd6+ Ke8 23. Rc8+ Kf7 24. e6+ Kf6 25. Rxd5 $18) 20. Rd6+ Kc8) 19. Rxd4 $1 Rxd4 20. Nb5+ Kd7 21. Nxd4 fxg5 $18 {[%emt 0:00:09][%mdl 4096] Endgame. [#] KRN-KRN} 22. Nb3 $1 b6 23. Rd1+ Kc7 (23... Ke7 $142) 24. Nd4 Kd7 25. Nf5+ Ke8 {[%emt 0:03:05] [#]} 26. Nd6+ (26. Nxg7+ Kf7 $18) 26... Ke7 27. Nc8+ (27. Rc1 $142 {Black must now prevent Rc7+.} Nf6 28. Nc8+ (28. exf6+ Kxd6 29. fxg7 Rg8 $11) 28... Kf7 29. exf6) 27... Kf7 $2 (27... Ke8 {is a better defense.} 28. Nd6+ (28. Nxb6 Ne7 $18) 28... Kf8) 28. Rd7+ {[%emt 0:00:04] White is clearly winning.} Kg6 29. Rd8 ({Less strong is} 29. Nxb6 Nh6 30. Re7 Rd8 $18) 29... Kf5 30. Nd6+ {[%emt 0:00:02] Weighted Error Value: White=0.29 (precise) /Black=0.57.  Loses game:     	---       	Black=1      Mistake:       	White=2     	Black=3      Inaccurate:     	White=1     	Black=2      OK:         	White=9     	Black=4      Best:        	White=4     	Black=1      Strong:       	White=1     	Black=1} 1-0

[Event "Reykjavik Open 2024"]
[Site "Reykjavik"]
[Date "2024.03.18"]
[Round "6.42"]
[White "Prado, Alexandra"]
[Black "Schilling, Patrick T"]
[Result "1-0"]
[ECO "B23"]
[WhiteElo "1877"]
[BlackElo "1633"]
[Annotator "NA RC"]
[PlyCount "96"]
[EventDate "2024.03.12"]
[EventCountry "ISL"]
[SourceTitle "playchess.com"]
[Source "ChessBase"]
[SourceQuality "1"]
[TimeControl "40/5400+30:1800+30"]

1. e4 c5 2. Nc3 Nc6 3. f4 g6 4. Nf3 Bg7 5. Bc4 e6 6. f5 exf5 7. exf5 Nge7 8. fxg6 hxg6 9. d3 d5 10. Bb3 O-O 11. O-O Nd4 12. h3 Re8 13. Bg5 Be6 14. Re1 Qd6 15. Nxd4 cxd4 16. Bxe7 Rxe7 17. Nxd5 Bxd5 18. Rxe7 Bxb3 19. Qe2 Bd5 20. Re1 Bc6 21. Rf1 Rf8 22. Qe1 Qd5 23. Qe2 Qxa2 24. b3 Qa5 25. h4 Qd5 26. b4 a6 27. Qg4 Qd6 28. Rfe1 Qxb4 29. h5 Qd6 30. hxg6 Qxg6 31. Qh3 Bh6 32. R7e5 Be3+ 33. Kh1 Re8 34. Rh5 Kg7 35. Rf1 Qxh5 36. Qxh5 Rh8 37. Rxf7+ Kg8 38. Rf8+ Kxf8 39. Qxh8+ Kf7 40. Kh2 a5 41. Qh5+ Kf6 42. Qxa5 Bf4+ 43. Kg1 Be5 44. g4 Ke6 45. Kf2 Kd6 46. Qb4+ Ke6 47. Qc5 Bd5 48. Qc8+ Kf6 1-0

[Event "Reykjavik Open 2024"]
[Site "Reykjavik"]
[Date "2024.03.18"]
[Round "6.43"]
[White "Scotti, Martin"]
[Black "Salimova, Nurgyul"]
[Result "0-1"]
[ECO "E55"]
[WhiteElo "1885"]
[BlackElo "2426"]
[Annotator "TA"]
[PlyCount "70"]
[EventDate "2024.03.12"]
[EventCountry "ISL"]
[SourceTitle "playchess.com"]
[Source "ChessBase"]
[SourceQuality "1"]
[TimeControl "40/5400+30:1800+30"]

1. d4 Nf6 2. c4 e6 3. Nc3 Bb4 4. e3 O-O 5. Bd3 d5 6. Nf3 dxc4 7. Bxc4 c5 8. O-O Nbd7 9. Qe2 a6 10. a4 Qe7 11. Na2 Ba5 12. dxc5 (12. e4 $5) 12... Bc7 {[%emt 0:00:06] [#] White has an edge.} 13. c6 bxc6 $11 14. b3 Nb6 15. Nc3 Bd6 16. h3 (16. Bd3 $11 {might be stronger.}) 16... Nxc4 17. bxc4 e5 {[%emt 0:03:47] Hoping for ...e4.} 18. e4 a5 19. Rd1 Bb4 20. Bb2 (20. Na2 $11) 20... Nh5 21. Qc2 f6 22. Ne2 Be6 (22... g6 $15) 23. Rac1 (23. g4 $11) 23... Qf7 (23... g5 $15 {is superior.}) 24. Kf1 (24. g4 $11 {keeps the balance.}) 24... Rad8 25. Rxd8 Rxd8 26. g4 {[%emt 0:03:38] [#]} (26. Bc3 $17 {might work better.}) 26... Qd7 $1 $19 27. Bc3 Nf4 28. Nxf4 exf4 29. Bxb4 axb4 30. Ke2 $2 (30. e5) 30... c5 {[%emt 0:04:20][%cal Oh7h5] ...h5! would now be deadly.} 31. Nd2 $2 {[%emt 0:04:11] [#]} (31. a5) 31... h5 $1 32. gxh5 (32. Nf1 hxg4) 32... Bxh3 {[%emt 0:00:26] ( -> ...Qg4+)} 33. h6 Qg4+ {[%emt 0:00:42] Black mates.} 34. Nf3 Bg2 35. Qb3 Bxf3+ {[%emt 0:00:07] Weighted Error Value: White=0.72/Black=0.22 (precise) .  Mistake:       	White=8     	Black=2      Inaccurate:     	White=3     	Black=2      OK:         	White=6     	Black=7      Brilliant:      	---       	Black=1} 0-1

[Event "Reykjavik Open 2024"]
[Site "Reykjavik"]
[Date "2024.03.18"]
[Round "6.44"]
[White "Fantinel, Thibault"]
[Black "Baldursson, Rani"]
[Result "1-0"]
[ECO "B30"]
[WhiteElo "2421"]
[BlackElo "1989"]
[Annotator "TA"]
[PlyCount "45"]
[EventDate "2024.03.12"]
[EventCountry "ISL"]
[SourceTitle "playchess.com"]
[Source "ChessBase"]
[SourceQuality "1"]
[TimeControl "40/5400+30:1800+30"]

1. e4 c5 2. Nc3 Nc6 3. Bb5 Nd4 4. Nf3 Nxb5 5. Nxb5 Nf6 6. e5 Nd5 7. Ng5 e6 $2 (7... f6 $11 {and Black stays safe.} 8. Qf3 Nc7 9. exf6 exf6 10. Qe4+ Ne6 11. Nxh7 Qe7) 8. Ne4 $18 {[%emt 0:01:19] Excellent horsemanship.} Qh4 {[%emt 0:09:27] Prevents Qh5} (8... h5 9. Ned6+ Bxd6 10. Nxd6+ Kf8) 9. Qf3 (9. d3 $142) 9... f5 {[%emt 0:09:43] [#]} 10. exf6 $1 {[%emt 0:01:59] White is clearly better.} gxf6 (10... Nxf6 {might work better.} 11. Nxf6+ Qxf6) 11. c4 {[%emt 0:00:59][%cal Og2g3] aiming for g3!} Nb4 12. g3 (12. Nxf6+ Kd8 13. O-O Be7 $11) 12... Qh6 13. d4 (13. Nxf6+ Kd8 $14) 13... Qg6 14. O-O (14. Nxc5 Nc2+ 15. Kf1 Nxa1 $17) (14. Nxf6+ Ke7 $16) 14... Na6 $2 (14... Kf7 15. dxc5 a6) 15. dxc5 h5 {[%emt 0:02:02] Black is weak on the dark squares} 16. h4 Be7 17. Ned6+ Bxd6 (17... Kf8 $142 18. Nxc8 (18. Nxb7 Qg4 $18) 18... Rxc8 19. Qxb7 Kg7 20. Qxa6 Bxc5) 18. Nxd6+ {[%emt 0:00:03] White is clearly winning.} Ke7 19. Be3 ({Less strong is} 19. Nxb7 Bxb7 20. Qxb7 Nxc5 $18) 19... Nb4 20. Rad1 Nc6 21. Bd4 Rb8 {[%emt 0:09:52] [#]} 22. Bxf6+ $1 Qxf6 23. Nxc8+ {[%emt 0:00:12] Black got outplayed after the opening.   Weighted Error Value: White=0.62/Black=0.97.  Mistake:       	White=1     	Black=4      Inaccurate:     	White=1     	Black=1      OK:         	White=3     	Black=6      Best:        	White=1     	---        Strong:       	White=1     	---} 1-0